 Dungeon Crawl Stone Soup version 0.26.0-45-g9c1d065592 (webtiles) character file.

Game seed: 3647895563893291016

39 trckry the Bolt Thrower (level 3, 0/21 HPs)
             Began as a Tengu Hunter on Jan 27, 2021.
             Succumbed to an adder's poison
             ... on level 2 of the Dungeon.
             The game lasted 00:03:07 (519 turns).

trckry the Bolt Thrower (Tengu Hunter)               Turns: 519, Time: 00:03:08

Health: 0/21       AC:  3    Str: 13    XL:     3   Next: 47%
Magic:  4/4        EV: 12    Int: 11    God:
Gold:   13         SH:  0    Dex: 14    Spells: 2/2 levels left

rFire    . . .     SeeInvis .   b - +0 short sword
rCold    . . .     Faith    .   (no shield)
rNeg     . . .     Spirit   .   c - +0 leather armour
rPois    .         Reflect  .   (helmet restricted)
rElec    .         Harm     .   (no cloak)
rCorr    .         Rampage  .   (no gloves)
Will     .....                  (boots unavailable)
Stlth    +.........             (no amulet)
HPRegen  0.07/turn              (no ring)
MPRegen  0.09/turn              (no ring)

@: lethally poisoned (0 -> -2), berserk cooldown, very slightly contaminated,
slowed, invisible, very slow
A: beak, talons 3
a: no special abilities


You were on level 2 of the Dungeon.
You visited 1 branch of the dungeon, and saw 2 of its levels.

You collected 13 gold pieces.

Inventory:

Hand Weapons
 a - a +1 hand crossbow
 b - a +0 short sword (weapon)
Missiles
 d - 11 bolts
 f - 3 poisoned darts (quivered)
Armour
 c - a +0 leather armour (worn)


   Skills:
 + Level 2.2 Fighting
 * Level 4.8 Crossbows
 + Level 0.9 Armour
 + Level 2.5 Dodging
 - Level 1.0 Stealth
 + Level 0.6 Invocations
 + Level 1.0 Evocations


You had 2 spell levels left.
You didn't know any spells.
Your spell library was empty.

Dungeon Overview and Level Annotations

Branches:
Dungeon (1/15)

Altars:


Innate Abilities, Weirdness & Mutations

You have a beak for a mouth.
You have claws for feet.


Message History

You kill the adder!
The quokka closely misses you.
Your Evocations skill increases to level 1!
You are too berserk!
You hit the quokka.
You kill the quokka!
You feel a strong urge to attack something.
You are too berserk!
* * * LOW HITPOINT WARNING * * *
You feel sick.
You feel your anger nearly subside.
You are no longer berserk.
You are exhausted.
You feel yourself slow down.
It was a potion of invisibility.
You fade into invisibility!
You are very lightly contaminated with residual magic.
* * * LOW HITPOINT WARNING * * *
You feel sick.
You die...

#######.##.#......>.......<###.#
..............#.#..##.#.#.## #.#
........##.#.##.#..####.#)####.#
........##.#.##...........)).#.#
.#######.##.#.##.#.(####.#.####.#
............#.##.#.......#.# #.#
......................#....# #.#
.##.##...####.##....#.#..###
...............@#..#.#..#
.#..##...####.##(#..#.#..#
#..##..........(.....#..#
.......................(.
#...........(...........#
...##...####.##.##...#. ........#
#........... #..##....
..........#. . #...# ##.##.##...#


There were no monsters in sight!

Vanquished Creatures
  Robin (D:2)
  An adder (D:2)
  A ball python (D:2)
  10 goblins (D:2)
  3 hobgoblins (D:2)
  A quokka (D:2)
  A rat (D:2)
18 creatures vanquished.

Notes
Turn   | Place    | Note
-------+----------+-------------------------------------------
     0 | D:1      | trckry the Tengu Hunter began the quest for the Orb.
     0 | D:1      | Reached XP level 1. HP: 12/12 MP: 2/2
     8 | D:1      | You fall into a shaft and drop 1 floor!
   150 | D:2      | Reached XP level 2. HP: 17/17 MP: 3/3
   362 | D:2      | Noticed Robin
   376 | D:2      | Killed Robin
   383 | D:2      | Reached XP level 3. HP: 20/21 MP: 4/4
   508 | D:2      | HP: 2/21 [adder (2)]
   510 | D:2      | Reached skill level 1 in Evocations
   513 | D:2      | HP: 2/31 [poisoned by an adder]
   519 | D:2      | Succumbed to an adder's poison

Illustrated notes

Levels and vault maps discovered:
D:1:      nagdon_arrival_double_spiral, layout_basic
D:2:      layout_basic, general_overflow_altar, solitary_fountain, uniq_robin,
          uniq_jessica

Skill      XL: |  1  2  3 |
---------------+----------+-----
Evocations     | 1 |  1.0
Fighting       | |  2.2
Crossbows      | |  4.8
Armour         | |  0.9
Dodging        | |  2.5
Stealth        | |  1.0
Invocations    | |  0.6

Action                   || total
-------------------------++-------
Melee: Short sword       ||    29
       Kick              ||     5
       Peck              ||     3
 Fire: Hand crossbow     ||    23
Throw: Dart              ||    10
  Use: Potion            ||     3
Armor: Leather armour    ||    10
Dodge: Dodged            ||    34
